 Dungeon Crawl Stone Soup version 0.26-a0-307-g4e7fcc93f0 (webtiles) character file.

Game seed: 7689220187904839271

10456 AvylaarBelgium the Tainter (level 11, -7/82 HPs)
             Began as a Demonspawn Venom Mage on July 14, 2020.
             Was a Priest of Vehumet.
             Killed from afar by a guardian serpent (8 damage)
             ... with a bolt of poison
             ... on level 2 of the Lair of Beasts on July 15, 2020.
             The game lasted 00:46:29 (8700 turns).

AvylaarBelgium the Tainter (Demonspawn Venom Mage)  Turns: 8700, Time: 00:46:30

Health: -7/82      AC:  6    Str: 15    XL:     11   Next: 36%
Magic:  7/24       EV: 12    Int: 20    God:    Vehumet [***...]
Gold:   494        SH:  0    Dex: 13    Spells: 11/28 levels left

rFire    . . .     SeeInvis .   w - +2 dire flail (vorpal)
rCold    . . .     Faith    .   (shield currently unavailable)
rNeg     . . .     Spirit   .   a - +0 robe
rPois    .         Reflect  .   s - +0 helmet
rElec    .         Harm     .   m - +0 cloak
rCorr    .                      E - +0 pair of gloves
MR       .....                  b - +0 pair of boots
Stlth    ++........             u - amulet of the acrobat
HPRegen  0.23/turn              P - +6 ring of strength
MPRegen  0.19/turn              G - +4 ring of slaying

@: lethally poisoned (-7 -> -17), very slightly contaminated
A: hooves 2, demonic guardian 1, sturdy frame 2
a: Renounce Religion


You were on level 2 of the Lair of Beasts.
You worshipped Vehumet.
Vehumet was most pleased with you.
You visited 3 branches of the dungeon, and saw 14 of its levels.

You collected 710 gold pieces.
You spent 216 gold pieces at shops.

Inventory:

Hand Weapons
 c - the +3 spear "Orb Guardian's Doom" {venom, Int-3 Dex+2 SInv}
   (You found it on level 8 of the Dungeon)

   It poisons the flesh of those it strikes.
   It affects your intelligence (-3).
   It affects your dexterity (+2).
   It lets you see invisible.
 o - a +0 short sword
 w - a +2 vorpal dire flail (weapon)
 Q - a +5 flail of freezing
Missiles
 q - a throwing net
 t - 21 poisoned darts (quivered)
 R - 3 atropa-tipped darts
Armour
 a - a +0 robe (worn)
 b - a +0 pair of boots (worn)
 m - a +0 cloak (worn)
 s - a +0 helmet (worn)
 E - a +0 pair of gloves (worn)
 H - a +0 buckler
 O - the +6 tower shield of the Marlin {rN+ MR+ SInv}
   (You found it on level 8 of the Dungeon)

   It protects you from negative energy.
   It affects your resistance to hostile enchantments.
   It lets you see invisible.
Magical Staves
 V - an uncursed staff of poison {unknown}
Jewellery
 u - an amulet of the acrobat (around neck)
 G - a +4 ring of slaying (right hand)
 M - an uncursed ring of positive energy
 P - a +6 ring of strength (left hand)
Wands
 A - a wand of iceblast (8)
 I - a wand of random effects (4)
 J - a wand of digging (6)
 K - a wand of enslavement (8)
 L - a wand of paralysis (6)
 N - a wand of polymorph (15)
Scrolls
 d - 8 scrolls of identify
 g - 2 scrolls of magic mapping
 i - 2 scrolls of remove curse
 k - a scroll of enchant weapon
 n - 5 scrolls of fear
 v - 4 scrolls of teleportation
 y - a scroll of enchant armour
 B - 3 scrolls of amnesia
 C - a scroll of blinking
 T - a scroll of summoning {unknown}
 U - a scroll of random uselessness {unknown}
 W - a scroll of torment {unknown}
 X - a scroll of immolation {unknown}
Potions
 e - 3 potions of curing
 f - 2 potions of heal wounds
 h - 3 potions of brilliance
 j - 4 potions of haste
 l - 3 potions of stabbing
 p - a potion of cancellation
 r - 3 potions of flight
 x - 3 potions of lignification
 z - a potion of invisibility
 D - a potion of mutation
 F - a potion of ambrosia
 S - a potion of degeneration {unknown}


   Skills:
 - Level 6.3 Fighting
 + Level 6.5 Maces & Flails
 - Level 2.0 Dodging
 - Level 2.0 Stealth
 * Level 9.0 Spellcasting
 + Level 3.5 Conjurations
 - Level 4.0 Transmutations
 + Level 3.3 Fire Magic
 + Level 2.0 Earth Magic
 + Level 9.6 Poison Magic


You had 11 spell levels left.
You knew the following spells:

 Your Spells              Type           Power        Failure   Level
a - Sting                 Tmut/Pois      ####         1%          1
b - Poisonous Vapours     Pois/Air       ####..       1%          2
c - Ignite Poison         Fire/Tmut/Pois ####....     1%          3
d - Olgreb's Toxic Radia  Pois           #####...     1%          4
e - Mephitic Cloud        Conj/Pois/Air  ####....     1%          3
f - Magic Dart            Conj           ###.         1%          1
g - Stone Arrow           Conj/Erth      ###...       1%          3

Your spell library contained the following spells:

 Spells                   Type           Power        Failure   Level
 Hailstorm                Conj/Ice       ###.....     11%         4
 Conjure Flame            Conj/Fire      ###.....     1%          3
 Freezing Cloud           Conj/Ice/Air   ##........   83%         6
 Ring of Flames           Chrm/Fire      ###.......   100%        7


Dungeon Overview and Level Annotations

Branches:
Dungeon (11/15)            Temple (1/1) D:5            Lair (2/6) D:10
  Snake (0/4) Lair:2
  Swamp: Lair:2-4    Shoals: Lair:2-4       Orc: D:9-12

Altars:
Ashenzari
Dithmenos
Elyvilon
Fedhas
Hepliaklqana
Makhleb
Nemelex Xobeh
Okawaru
Qazlal
Ru
Trog
Uskayaw
Vehumet
Wu Jian
Xom
Yredelemnul
Zin
The Shining One

Shops:
D:7 (   D:10 *

Annotations:
D:9 exclusion: oklob plant


Innate Abilities, Weirdness & Mutations

You have hoof-like feet.
A weak demonic guardian rushes to your aid.
Your movements are less encumbered by armour. (ER -4)


Message History

Press: ? - help, Shift-Dir - straight line, f/p - guardian serpent
Aim: a guardian serpent (almost dead)
The stone arrow misses the guardian serpent.
Your iron imp misses the guardian serpent.
The guardian serpent hits you!
* * * LOW HITPOINT WARNING * * *
Casting: Stone Arrow (safe; 1% risk of failure)
Confirm with . or Enter, or press ? or * to list all spells.
Aiming: Stone Arrow (safe; 1% risk of failure)
Press: ? - help, Shift-Dir - straight line, f/p - guardian serpent
Aim: a guardian serpent (almost dead)
Okay, then.
Blink to where?
Press: ? - help, Dir - move target cursor, p - guardian serpent You are very lightly contaminated with residual magic.
As you read the scroll of blinking, it crumbles to dust.
The guardian serpent casts a spell at you.
The bolt of poison hits you!
You are lethally poisoned!
You die...

#.....#...#
##........####
#.....)......#
#?......5S...#
.............#
.............##
..............#
.............##
..##..###...@#
. ### #.....#
#.....#
##..รท.# #...<#
#.....#
#......#
##.....#
#P....#.


You could see a guardian serpent and a friendly iron imp (summoned).

Vanquished Creatures
  A two-headed ogre (D:11)
  A centaur warrior (D:8)
  An unseen horror (D:10)
  Psyche (D:9)
  2 cane toads (Lair:1)
  A komodo dragon (D:10)
  A rime drake (Lair:1)
  3 hippogriffs
  11 yaks (D:9)
  A wyvern (D:9)
  Edmund (D:4)
  A water moccasin (D:4)
  4 orc warriors
  2 black bears
  2 ice beasts (D:8)
  2 phantoms
  3 sky beasts
  A hornet zombie (D:9)
  2 eyes of draining
  5 ogres
  2 crocodiles (Lair:1)
  A big kobold (D:8)
  2 bullfrogs (D:10)
  5 scorpions
  8 wights
  3 hounds
  3 quasits
  A centaur zombie (D:6)
  2 jellies
  5 orc priests
  8 orc wizards
  3 iguanas
  5 worker ants
  A worker ant zombie (D:8)
  4 gnolls (D:5)
  5 adders
  5 shadow imps
  A white imp (D:6)
  3 ufetubi
  An ooze (D:4)
  An adder zombie (D:8)
  3 adder skeletons
  4 worms
  6 dart slugs
  4 leopard geckos
  25 orcs
  2 ball pythons
  3 giant cockroaches
  4 goblins
  4 hobgoblins
  13 jackals
  5 kobolds
  2 quokkas
  2 bats
  3 frilled lizards
  A goblin skeleton (D:9)
  A goblin zombie (D:9)
  2 hobgoblin zombies (D:9)
  2 kobold skeletons (D:9)
  2 orc skeletons (D:9)
  An orc zombie (D:9)
  8 rats
  A fungus (D:4)
  A toadstool (D:4)
214 creatures vanquished.

Vanquished Creatures (collateral kills)
  A two-headed ogre (D:9)
  A cane toad (Lair:2)
  An orc warrior (D:7)
  2 ogres
  An orc priest (D:4)
  A worker ant (D:5)
  An orc wizard (D:4)
  2 adders
  5 orcs
15 creatures vanquished.

Vanquished Creatures (others)
  A fungus (Lair:2)
  3 toadstools (D:4)
4 creatures vanquished.

Grand Total: 233 creatures vanquished

Notes
Turn   | Place    | Note
-------+----------+-------------------------------------------
     0 | D:1      | AvylaarBelgium the Demonspawn Venom Mage began the quest
                  | for the Orb.
     0 | D:1      | Reached XP level 1. HP: 13/13 MP: 3/3
   125 | D:1      | Gained mutation: You have large cloven feet. [demonic
                  | ancestry]
   125 | D:1      | Reached XP level 2. HP: 19/19 MP: 1/5
   129 | D:1      | Reached skill level 1 in Transmutations
   436 | D:1      | Reached XP level 3. HP: 23/24 MP: 6/6
   510 | D:1      | Learned a level 2 spell: Poisonous Vapours
   514 | D:1      | Learned a level 3 spell: Ignite Poison
  1240 | D:3      | Gained mutation: A weak demonic guardian rushes to your
                  | aid. [demonic ancestry]
  1240 | D:3      | Reached XP level 4. HP: 19/30 MP: 3/8
  1288 | D:3      | Found an ornate altar of the Wu Jian Council.
  1625 | D:4      | Noticed an ogre
  1641 | D:4      | Killed an ogre
  1641 | D:4      | Gained mutation: Your movements are slightly less
                  | encumbered by armour. (ER -2) [demonic ancestry]
  1641 | D:4      | Reached XP level 5. HP: 25/35 MP: 1/9
  1795 | D:4      | Noticed Edmund
  1795 | D:4      | Noticed a water moccasin
  1814 | D:4      | Killed a water moccasin
  1814 | D:4      | Reached XP level 6. HP: 13/41 MP: 0/11
  1835 | D:3      | HP: 2/41 [poisoned by a water moccasin]
  1842 | D:3      | HP: 1/41 [poisoned by a water moccasin]
  2167 | D:4      | Killed Edmund
  2404 | D:4      | Reached skill level 5 in Poison Magic
  2629 | D:5      | Entered Level 5 of the Dungeon
  2806 | D:5      | Noticed an orc warrior
  2816 | D:5      | Gained mutation: You have hoof-like feet. [demonic
                  | ancestry]
  2816 | D:5      | Reached XP level 7. HP: 39/46 MP: 0/13
  3120 | D:5      | Found a radiant altar of Vehumet.
  3305 | D:5      | Reached skill level 5 in Spellcasting
  3517 | D:6      | Learned a level 4 spell: Olgreb's Toxic Radiance
  3521 | D:6      | Learned a level 3 spell: Mephitic Cloud
  3579 | D:5      | Found a white marble altar of Elyvilon.
  3589 | D:5      | Gained mutation: Your movements are less encumbered by
                  | armour. (ER -4) [demonic ancestry]
  3589 | D:5      | Reached XP level 8. HP: 49/53 MP: 8/15
  3696 | D:5      | Reached skill level 1 in Fighting
  3696 | D:5      | Reached skill level 1 in Maces & Flails
  4028 | D:5      | Found a staircase to the Ecumenical Temple.
  4124 | Temple   | Entered the Ecumenical Temple
  4295 | D:5      | Became a worshipper of Vehumet
  4752 | D:6      | Found a burning altar of Makhleb.
  4950 | D:7      | Found Mepon's Weapon Shoppe.
  5233 | D:7      | Found a shadowy altar of Dithmenos.
  5368 | D:8      | Noticed a hippogriff
  5375 | D:8      | Killed a hippogriff
  5375 | D:8      | Reached XP level 9. HP: 56/64 MP: 6/18
  5422 | D:8      | Found a bloodstained altar of Trog.
  5475 | D:8      | Found a large runed translucent door.
  5476 | D:8      | Found a large runed translucent door.
  5487 | D:8      | Found a large runed translucent door.
  5487 | D:8      | Found a large runed translucent door.
  5497 | D:8      | Reached * piety under Vehumet
  5497 | D:8      | Offered knowledge of Magic Dart by Vehumet.
  5607 | D:8      | Got a fine spear
  5608 | D:8      | Identified the +3 spear "Orb Guardian's Doom" {venom, Int-3
                  | Dex+2 SInv} (You found it on level 8 of the Dungeon)
  5782 | D:8      | Noticed a centaur warrior
  5786 | D:8      | Killed a centaur warrior
  5799 | D:8      | Got a slimy tower shield
  5815 | D:8      | Identified the +6 tower shield of the Marlin {rN+ MR+ SInv}
                  | (You found it on level 8 of the Dungeon)
  5866 | D:8      | Reached skill level 5 in Fighting
  6246 | D:8      | Learned a level 1 spell: Magic Dart
  6381 | D:9      | Reached XP level 10. HP: 74/74 MP: 12/21
  6389 | D:9      | Reached skill level 5 in Maces & Flails
  6437 | D:9      | Offered knowledge of Shock by Vehumet.
  6460 | D:9      | Found a glowing golden altar of the Shining One.
  6469 | D:9      | Reached ** piety under Vehumet
  6594 | D:9      | Noticed Psyche
  6742 | D:9      | Killed Psyche
  6781 | D:9      | Noticed a two-headed ogre
  6797 | D:9      | Reached skill level 1 in Conjurations
  6797 | D:9      | Reached skill level 1 in Fire Magic
  6801 | D:9      | Killed a two-headed ogre
  6840 | D:9      | Found a hide-covered altar of Uskayaw.
  6990 | D:9      | Found a blossoming altar of Fedhas.
  7013 | D:9      | Noticed an oklob plant
  7250 | D:10     | Entered Level 10 of the Dungeon
  7285 | D:10     | Offered knowledge of Stone Arrow by Vehumet.
  7290 | D:10     | Learned a level 3 spell: Stone Arrow
  7294 | D:10     | Found a staircase to the Lair.
  7468 | D:10     | Reached *** piety under Vehumet
  7587 | D:10     | Killed an unseen horror
  7587 | D:10     | Reached skill level 1 in Earth Magic
  7587 | D:10     | Reached XP level 11. HP: 41/82 MP: 13/23
  7604 | D:10     | Found Jausm's General Store.
  7611 | D:10     | Bought a scroll of fear for 56 gold pieces
  7611 | D:10     | Bought a potion of haste for 160 gold pieces
  7864 | D:11     | Noticed a two-headed ogre
  7881 | D:11     | Killed a two-headed ogre
  7881 | D:11     | Offered knowledge of Hailstorm by Vehumet.
  8003 | Lair:1   | Entered Level 1 of the Lair of Beasts
  8305 | Lair:1   | Noticed a six-headed hydra
  8691 | Lair:2   | Found a staircase to the Snake Pit.
  8699 | Lair:2   | HP: 1/82 [guardian serpent (14)]
  8700 | Lair:2   | Killed from afar by a guardian serpent

Illustrated notes

Levels and vault maps discovered:
D:1:      moated_graveyard_arrival, layout_loops_ring
D:2:      layout_basic
D:3:      layout_basic, lemuel_coloured_pillars_altar
D:4:      layout_basic, minmay_gold_behind_fungi, uniq_edmund
D:5:      layout_loops_ring, vehumet_crystals, kennysheep_mini_moat,
          minmay_temple_entry_enclosed_plants
D:6:      layout_cave_pools, makhleb_heckhound_becter,
          chequers_serial_rivers_small_a
D:7:      layout_basic, grunt_dithmenos_shadows, serial_shops, shop
D:8:      layout_gridville, nicolae_overflow_hidden_temple, lemuel_doored_altar,
          minmay_hollow_rounded_squares
D:9:      layout_loops_ring, nicolae_tso_besieged_by_evil, basic_altar,
          tgw_fedhas, uniq_psyche
D:10:     layout_basic, lair_entry_dummy, serial_shops, shop
D:11:     layout_layer_cave, david_orc_1_choice, tgw_sif
Temple:   dpeg_chambers_temple
Lair:1:   layout_chaotic_city
Lair:2:   layout_cellular_growth, minmay_shoals_entry_hut,
          minmay_snake_entry_spellcaster, serial_bayou_shore_b

Skill      XL: |  1  2  3  4  5  6  7  8  9 10 11 |
---------------+----------------------------------+-----
Stealth        | 2 |  2.0
Transmutations | 1 2 3 4 |  4.0
Dodging        | 2 |  2.0
Spellcasting   | 3 4 5 6 7 8 9 |  9.0
Poison Magic   | 4 5 6 7 8 9 |  9.6
Fighting       | 3 5 6 |  6.3
Maces & Flails | 3 4 6 |  6.5
Conjurations   | 2 3 |  3.5
Fire Magic     | 2 3 |  3.3
Earth Magic    | 1 2 |  2.0

Action                   |  1- 3 |  4- 6 |  7- 9 | 10-12 || total
-------------------------+-------+-------+-------+-------++-------
Melee: Dagger            |    60 |       |       |       ||    60
       Unarmed           |     1 |     1 |       |       ||     2
       Short sword       |    19 |    38 |       |       ||    57
       Dire flail        |       |    14 |   158 |    77 ||   249
Throw: Dart              |       |       |     1 |       ||     1
 Cast: Sting             |    61 |    40 |    23 |     8 ||   132
       Poisonous Vapours |     2 |    15 |    51 |    20 ||    88
       Ignite Poison     |       |     2 |    17 |    19 ||    38
       Olgreb's Toxic Ra |       |       |     9 |    25 ||    34
       Mephitic Cloud    |       |       |     2 |       ||     2
       Magic Dart        |       |       |     4 |     1 ||     5
       Stone Arrow       |       |       |       |    15 ||    15
Evoke: Wand              |       |       |     1 |       ||     1
  Use: Scroll            |       |     1 |    22 |     1 ||    24
 Stab: Sleeping          |     2 |     1 |       |     1 ||     4
       Distracted        |       |       |     1 |       ||     1
Armor: Robe              |    27 |     9 |    53 |    30 ||   119
Dodge: Dodged            |    73 |    27 |   125 |    67 ||   292

Table legend:
 A = Non-vault XP
 B = Vault XP
 C = Vault XP percentage of total XP
 D = Non-vault monster count
 E = Vault monster count
 F = Vault count percentage of total count
                 A         B        C        D         E       F
            +---------+---------+-------+---------+---------+-------
      Total |   12925 |    2013 |  13.5 |     202 |      25 |  11.0
            +---------+---------+-------+---------+---------+-------
        D:1 |      48 |       0 |   0.0 |      26 |       0 |   0.0
        D:2 |      47 |       0 |   0.0 |      15 |       0 |   0.0
        D:3 |      24 |       0 |   0.0 |       8 |       0 |   0.0
        D:4 |     422 |     117 |  21.7 |      17 |       1 |   5.6
        D:5 |    1230 |       0 |   0.0 |      31 |       0 |   0.0
        D:6 |      97 |      45 |  31.7 |       4 |       1 |  20.0
        D:7 |     322 |      11 |   3.3 |       8 |       1 |  11.1
        D:8 |    1579 |    1368 |  46.4 |      23 |      11 |  32.4
        D:9 |    3769 |     472 |  11.1 |      25 |      11 |  30.6
       D:10 |    2603 |       0 |   0.0 |      33 |       0 |   0.0
       D:11 |    1153 |       0 |   0.0 |       6 |       0 |   0.0
     Lair:1 |    1296 |       0 |   0.0 |       5 |       0 |   0.0
     Lair:2 |     335 |       0 |   0.0 |       1 |       0 |   0.0
            +---------+---------+-------+---------+---------+-------
